 Dungeon Crawl Stone Soup version 0.28.0-53-g5a82cb258f (webtiles) character file.

Game seed: 9910280405651478653

1442616 maxonian the Cryomancer (level 26, 270/270 HPs)
             Began as a Demonspawn Enchanter on May 28, 2022.
             Was a High Priest of Ashenzari.
             Escaped with the Orb
             ... and 3 runes!
             The game lasted 05:13:03 (95628 turns).

maxonian the Cryomancer (Demonspawn Enchanter)     Turns: 95628, Time: 05:13:04

Health: 270/270    AC: 15    Str: 10    XL:     26   Next: 30%
Magic:  48/48      EV: 13    Int: 55    God:    Ashenzari [*****.]
Gold:   3170       SH: 33    Dex: 15    Spells: 1/58 levels left

rFire   + + .      SeeInvis +   a - +12 spear of Ashenzari's Irritation {freeze, Str-2 Int+10, Fort, Cun} (curse)
rCold   . . .      Faith    .   O - +18 shield of the Gong {rElec rN+ Will+ EV-5}
rNeg    + . .      Spirit   .   p - +2 robe "Share My Affliction" {Archmagi, Bglg, Cun} (curse)
rPois   +          Reflect  .   w - +0 hat "Visionary of Ashenzari" {rPois rF+ MP+9, Cun, Melee} (curse)
rElec   +          Harm     .   z - +2 cloak of the Bound Stars {Int+5, Elem, Fort} (curse)
rCorr   .          Rampage  .   N - +2 pair of gloves "Elysian Scepticism" {Stlth+, Self, Cun} (curse)
Will    ++...      Archmagi +   (boots unavailable)
Stlth   +++....... Clarity  +   d - amulet of Ashenzari's Burden {RegenMP, Elem, Fort} (curse)
HPRegen 0.55/turn               l - ring "Qearil" {Wiz *Slow rPois Int+8 Slay-5}
MPRegen 0.71/turn               f - ring "Thunder Perfect Mind" {Int+6, Fort, Elem} (curse)

@: no status effects
A: hooves 3, rugged brown scales 3, ignite blood 3, robust 2, spiny 3, fire
resistance 1, low MP 1, strong 1, subdued magic 2
0: Orb of Zot
}: 3/15 runes: decaying, silver, gossamer
a: Renounce Religion, Shatter the Chains


You escaped.
You worshipped Ashenzari.
Ashenzari was extremely pleased with you.
You visited 9 branches of the dungeon, and saw 48 of its levels.
You visited the Abyss 1 time.
You visited 2 bazaars.
You also visited: Trove, Sewer, Ice Cave and Desolation.

You collected 6385 gold pieces.
You spent 3215 gold pieces at shops.

Inventory:

Hand Weapons
 a - the cursed +12 spear of Ashenzari's Irritation (weapon) {freeze, Str-2 Int+10, Fort, Cun}
   (You found it on level 14 of the Dungeon)

   It freezes those it strikes, dealing additional cold damage.
   It can also slow down cold-blooded creatures.
   Str:       It affects your strength (-2).
   Int:       It affects your intelligence (+10).
   It has a curse which improves the following skills: Fortitude: Armour and
   Shields.
   Cunning:   Dodging and Stealth.
Armour
 b - the +3 kite shield of Tomorrow {rC++ Str-2 SInv}
   (You found it in a treasure trove)

   Str:       It affects your strength (-2).
   rC:        It greatly protects you from cold.
   SInv:      It lets you see invisible.
 g - the +0 ring mail of Parlour Games {Contam rElec Will+ Int+3}
   (You found it on level 5 of the Vaults)

   Int:       It affects your intelligence (+3).
   rElec:     It insulates you from electricity.
   Contam:    It causes magical contamination when unequipped.
   Will:      It increases your willpower.
 p - the cursed +2 robe "Share My Affliction" (worn) {Archmagi, Bglg, Cun}
   (You took it off an orc sorcerer on level 2 of the Orcish Mines)

   It has a curse which improves the following skills: Beguiling: Conjurations,
   Hexes and Translocations.
   Cunning:   Dodging and Stealth.
 w - the cursed +0 hat "Visionary of Ashenzari" (worn) {rPois rF+ MP+9, Cun, Melee}
   (You found it on level 4 of the Spider Nest)

   rF:        It protects you from fire.
   rPois:     It protects you from poison.
   MP:        It affects your magic capacity (+9).
   It has a curse which improves the following skills: Cunning: Dodging and
   Stealth.
   Melee Combat: Short Blades, Long Blades, Axes, Maces & Flails, Polearms,
   Staves and Unarmed Combat.
 z - the cursed +2 cloak of the Bound Stars (worn) {Int+5, Elem, Fort}
   (You bought it in a shop on level 3 of the Elven Halls)

   Int:       It affects your intelligence (+5).
   It has a curse which improves the following skills: Elements: Fire Magic, Ice
   Magic, Air Magic and Earth Magic.
   Fortitude: Armour and Shields.
 C - the +3 ring mail of Imotheh {rElec rF+ Dex+2}
   (You bought it in a shop on level 2 of the Vaults)

   Dex:       It affects your dexterity (+2).
   rF:        It protects you from fire.
   rElec:     It insulates you from electricity.
 D - the +1 leather armour of the Pits of Slime {Int+4}
   (You found it on level 3 of the Depths)

   Int:       It affects your intelligence (+4).
 N - the cursed +2 pair of gloves "Elysian Scepticism" (worn) {Stlth+, Self, Cun}
   (You found it on level 6 of the Dungeon)

   It has a curse which improves the following skills: Introspection: Fighting
   and Spellcasting.
   Cunning:   Dodging and Stealth.
 O - the +18 shield of the Gong (worn) {rElec rN+ Will+ EV-5}
   (You found it on level 2 of the Vaults)

   It is deafeningly noisy when blocking attacks.
   EV:        It affects your evasion (-5).
   rElec:     It insulates you from electricity.
   rN:        It protects you from negative energy.
   Will:      It increases your willpower.
Jewellery
 d - the cursed amulet of Ashenzari's Burden (around neck) {RegenMP, Elem, Fort}
   (You bought it in a shop in a bazaar)

   [amulet of magic regeneration]

   It increases your rate of magic regeneration.
   It has a curse which improves the following skills: Elements: Fire Magic, Ice
   Magic, Air Magic and Earth Magic.
   Fortitude: Armour and Shields.
 f - the cursed ring "Thunder Perfect Mind" (right hand) {Int+6, Fort, Elem}
   (You found it on level 6 of the Lair of Beasts)

   [ring of intelligence]

   Int:       It affects your intelligence (+6).
   It has a curse which improves the following skills: Fortitude: Armour and
   Shields.
   Elements:  Fire Magic, Ice Magic, Air Magic and Earth Magic.
 l - the ring "Qearil" (left hand) {Wiz *Slow rPois Int+8 Slay-5}
   (You found it in the Desolation of Salt)

   [ring of wizardry]

   It improves your spell success rate.
   Int:       It affects your intelligence (+8).
   Slay:      It affects your accuracy & damage with ranged weapons and melee
   (-5).
   rPois:     It protects you from poison.
   *Slow:     It may slow you when you take damage.
 r - the ring of Hepliaklqana's Fury {rF+ rC+ SInv}
   (You took it off a deep elf elementalist on level 3 of the Elven Halls)

   [ring of see invisible]

   rF:        It protects you from fire.
   rC:        It protects you from cold.
   SInv:      It lets you see invisible.
 s - the ring of the Mage {Wiz Archmagi}
   (You found it on level 5 of the Vaults)

   [ring of wizardry]

   It improves your spell success rate.
   Archmagi:  It increases the power of your magical spells.
 u - a ring of positive energy
   (You found it in a treasure trove)
 Y - a ring of willpower
   (You found it on level 10 of the Dungeon)
Wands
 e - a wand of flame (68)
   (You found it on level 3 of the Dungeon)
 J - a wand of polymorph (40)
   (You found it on level 5 of the Dungeon)
 U - a wand of acid (14)
   (You found it on level 4 of the Lair of Beasts)
 V - a wand of iceblast (33)
   (You found it on level 1 of the Swamp)
 W - a wand of paralysis (45)
   (You found it on level 8 of the Dungeon)
 Z - a wand of mindburst (22)
   (You found it on level 7 of the Dungeon)
Scrolls
 j - 7 scrolls of blinking
 k - 16 scrolls of fear
 n - 7 scrolls of immolation
 x - 6 scrolls of enchant armour
 A - 25 scrolls of teleportation {@r4}
 B - 5 scrolls of amnesia
 E - 2 scrolls of vulnerability
 S - 14 scrolls of magic mapping
 T - 2 scrolls of silence
 X - 12 scrolls of fog
Potions
 c - 6 potions of invisibility
 i - 10 potions of brilliance
 o - 7 potions of might
 q - 4 potions of cancellation
 t - 9 potions of attraction
 v - 6 potions of magic
 H - 2 potions of resistance
 I - 8 potions of lignification
 K - 14 potions of heal wounds {@q2}
 L - 21 potions of curing {@q1}
 M - 10 potions of mutation
 P - 11 potions of haste {@q3}
 R - 7 potions of ambrosia
Miscellaneous
 h - a tin of tremorstones (2/2)
   (You found it in the Desolation of Salt)
 m - a phantom mirror
   (You found it on level 1 of the Elven Halls)
 y - a lightning rod (4/4)
   (You found it on level 6 of the Lair of Beasts)
 F - a phial of floods
   (You found it on level 5 of the Vaults)
 G - a box of beasts
   (You found it on level 11 of the Dungeon)
 Q - a condenser vane
   (You found it on level 2 of the Elven Halls)


   Skills:
 - Level 16.5(18.7) Fighting
 - Level 10.2(12.5) Short Blades
 - Level 1.0 Throwing
 - Level 9.5(15.0) Armour
 + Level 7.4(12.8) Dodging
 - Level 12.4(17.8) Stealth
 - Level 15.0(20.4) Shields
 - Level 14.6(16.8) Spellcasting
 - Level 16.8(18.9) Conjurations
 - Level 11.1(13.4) Hexes
 - Level 10.4 Necromancy
 - Level 8.3(10.6) Translocations
 - Level 12.0 Transmutations
 - Level 21.1(25.2) Ice Magic
 - Level 11.5(16.0) Earth Magic
 - Level 7.9 Evocations


You had one spell level left.
You knew the following spells:

 Your Spells              Type           Power      Damage    Failure   Level
a - Ensorcelled Hibernat  Hex/Ice        100%       N/A       0%          2
b - Confusing Touch       Hex            100%       N/A       0%          3
c - Tukima's Dance        Hex            100%       N/A       0%          3
d - Fulminant Prism       Conj/Hex       59%        3d25      0%          4
e - Iskenderun's Mystic   Conj/Tloc      100%       2d19      0%          4
f - Orb of Destruction    Conj           63%        9d15      1%          7
g - Irradiate             Conj/Tmut      58%        3d33      0%          5
h - Enfeeble              Hex            55%        N/A       1%          7
i - Ozocubu's Refrigerat  Ice            70%        4d19      0%          7
j - Statue Form           Tmut/Erth      74%        N/A       1%          6
k - Polar Vortex          Ice            70%        N/A       1%          9

Your spell library contained the following spells:

 Spells                   Type           Power      Damage    Failure   Level
 Animate Skeleton         Necr           100%       N/A       0%          1
 Apportation              Tloc           100%       N/A       0%          1
 Beastly Appendage        Tmut           100%       N/A       0%          1
 Magic Dart               Conj           100%       1d8       0%          1
 Pain                     Necr           100%       1d9       0%          1
 Summon Small Mammal      Summ           100%       N/A       1%          1
 Passwall                 Tmut/Erth      93%        N/A       0%          2
 Searing Ray              Conj           100%       2d8       0%          2
 Static Discharge         Conj/Air       98%        N/A       0%          2
 Sublimation of Blood     Necr           100%       N/A       0%          2
 Wereblood                Tmut           100%       N/A       0%          2
 Conjure Flame            Conj/Fire      98%        6-21      0%          3
 Dazzling Flash           Conj/Hex       100%       N/A       0%          3
 Gell's Gravitas          Tloc           100%       N/A       0%          3
 Lesser Beckoning         Tloc           100%       N/A       0%          3
 Ozocubu's Armour         Ice            100%       N/A       0%          3
 Spider Form              Tmut/Pois      81%        N/A       0%          3
 Stone Arrow              Conj/Erth      100%       3d13      0%          3
 Summon Guardian Golem    Hex/Summ       85%        N/A       0%          3
 Teleport Other           Tloc           100%       N/A       0%          3
 Vampiric Draining        Necr           100%       2d13      0%          3
 Anguish                  Hex/Necr       52%        N/A       0%          4
 Dispel Undead            Necr           100%       3d31      0%          4
 Flame Wave               Conj/Fire      98%        2d16      0%          4
 Hailstorm                Conj/Ice       100%       3d20      0%          4
 Ice Form                 Ice/Tmut       100%       N/A       0%          4
 Leda's Liquefaction      Hex/Erth       57%        N/A       0%          4
 Passage of Golubria      Tloc           100%       N/A       0%          4
 Petrify                  Tmut/Erth      100%       N/A       0%          4
 Sticky Flame             Conj/Fire      98%        2d11      0%          4
 Freezing Cloud           Conj/Ice/Air   57%        6-21      0%          5
 Lee's Rapid Deconstruct  Erth           59%        3d28*     0%          5
 Metabolic Englaciation   Hex/Ice        63%        N/A       0%          5
 Simulacrum               Ice/Necr       61%        N/A       0%          6
 Call Canine Familiar     Summ           43%        N/A       1%          3
 Swiftness                Air            50%        N/A       1%          3
 Airstrike                Air            25%        N/A       1%          4
 Animate Armour           Summ/Erth      100%       N/A       1%          4
 Olgreb's Toxic Radiance  Pois           43%        N/A       1%          4
 Summon Lightning Spire   Summ/Air       46%        N/A       1%          4
 Agony                    Necr           100%       N/A       1%          5
 Excruciating Wounds      Necr           50%        N/A       1%          5
 Lightning Bolt           Conj/Air       49%        1d69      1%          5
 Silence                  Hex/Air        43%        N/A       1%          5
 Conjure Ball Lightning   Conj/Air       49%        3x3d17    1%          6
 Dispersal                Tloc           50%        N/A       1%          6
 Spellforged Servitor     Conj/Summ      48%        N/A       1%          7
 Lehudib's Crystal Spear  Conj/Erth      61%        10d14     1%          8
 Discord                  Hex            55%        N/A       3%          8
 Disjunction              Tloc           50%        N/A       11%         8
 Shatter                  Erth           59%        3d44*     19%         9
 Summon Hydra             Summ           21%        N/A       73%         7
 Chain Lightning          Conj/Air       49%        3d65      92%         9
 Fire Storm               Conj/Fire      49%        8d12      92%         9
 Ignition                 Fire           25%        3d8       99%         8


Dungeon Overview and Level Annotations

Branches:
Dungeon (15/15)            Temple (0/1) D:7            Lair (6/6) D:11
  Swamp (4/4) Lair:4       Spider (4/4) Lair:3        Slime (0/5) Lair:5
    Orc (2/2) D:10            Elf (3/3) Orc:2        Vaults (5/5) D:14
  Crypt (0/3) Vaults:2     Depths (4/4) D:15            Zot (5/5) Depths:4
  Sewer (visited)           IceCv (visited)         Desolation (visited)

Altars:
Ashenzari
Dithmenos
Gozag
Kikubaaqudgha
Okawaru
Qazlal
Ru
Trog
Uskayaw
Wu Jian
Xom
Zin
Jiyva
Lugonu

Shops:
Orc:2 *![!(   Elf:3 [?[   Vaults:1 [   Vaults:2 (?[   Zot:1 *

Portals:
Hell: Depths:1 Depths:2 Depths:3 Depths:4
Abyss: Lair:6 Depths:1 Depths:3
Pandemonium: Depths:2
Ziggurat: Depths:3

Annotations:
D:2 Sigmund
D:11 3 runed translucent doors, Peloso's ghost, journeyman MiFi
D:15 3 runed translucent doors, maxonian's ghost, journeyman DsWn
Lair:5 1 runed translucent door
Swamp:2 1 runed translucent door, Jida's ghost, adept FeSu
Swamp:4 Roxanne
Depths:1 1 runed translucent door
Depths:2 exclusion: orange crystal statue
Zot:1 3 runed translucent doors, exclusion: obsidian statue, hitsuchi's ghost, veteran DgCj


Innate Abilities, Weirdness & Mutations

You have hooves in place of feet.
You are completely covered in rugged brown scales. (AC +3, +7% HP)
Your demonic aura causes all spilled blood to erupt in flames.
You are very robust. (+20% HP)
You are completely covered in sharp spines.
Your flesh is heat resistant. (rF+)
Your magical capacity is low. (-10% MP)
Your muscles are strong. (Str +2)
Your spells are easier to cast, but less powerful.


Message History

You see here a +0 club.
There is a stone staircase leading up here.
You climb upwards.
There is a stone staircase leading down here.
Your extra speed is starting to run out.
There is a stone staircase leading up here.
You climb upwards.
There is a stone staircase leading down here.
You feel yourself slow down.
There is a stone staircase leading up, spattered with blood here.
You climb upwards.
There is a stone staircase leading down, spattered with blood here.
There is a stone staircase leading up, spattered with blood here.
You climb upwards.
There is a stone staircase leading down here.
You sense a monster nearby.
There is an escape hatch in the ceiling here.
You feel yourself speed up.
Kuarr comes into view. It is armed with a venomous touch.
Kuarr roars, "Disclaim thyself, thou tasty dinner!"
You hear a shout!
Unknown command.
Unknown command.
There is an escape hatch in the ceiling here.
A mysterious force pulls you upwards. The hatch slams shut behind you.
You see here a +0 flail.
You see here a +0 short sword.
There is a stone staircase leading up here.
You climb upwards.
Level annotation: Sigmund
There is a stone staircase leading down here.
(D) Dungeon (T) Temple (L) Lair (S) Swamp (N) Spider Nest (M) Slime Pits (O) Orcish Mines (E) Elven Halls (V) Vaults (C) Crypt (U) Depths (H) Hell (Z) Zot
Where to? (Enter - D:1, ? - help)
There is a stone staircase leading up here.
You climb upwards.
There is a stone staircase leading down here.
There is an open door here.
Your extra speed is starting to run out.
There is a large open door here.
There is a large open door here.
You feel yourself slow down.
There is an open door here.
There is a large open door here.
There is a large open door here.
There is a large open door here.
There is a staircase leading out of the dungeon here.
You have escaped!

#.# #...#..
#########.############.#
##########......##..........###..
...........####..................
..........######..........#.#....
###########....##########.#.#.##.
.....######.≈≈.##### #.#....#.
.....##.'.'.≈≈.'.### #..###.#.
.....##.'.'.≈≈.'@### #....#...
..^.....###.≈≈.##### #....#.#.
>.....#####....##### #....#.#.
##..#.############## #....#.#.
##....############ ##.###.#)
..#.############# #.###.#.
#.#.##### #..##.#. #.#.##########
##### ##.##.#. #.#.###......#
#...# #..#.#.


There were no monsters in sight!

Vanquished Creatures
  5 dread liches (Zot:5)
  4 orbs of fire
  6 ancient liches (Zot:5)
  A juggernaut (Depths:4)
  5 Killer Klowns
  the Lernaean hydra (Swamp:4)
  A curse toe (Zot:5)
  Bai Suzhen (Swamp:2)
  8 caustic shrikes
  Nikola (Depths:2)
  14 golden dragons
  4 electric golems
  Arachne (Spider:3)
  22 tentacled monstrosities
  Jorgrun (Swamp:1)
  5 liches
  25 Orb Guardians (Zot:5)
  4 titans
  3 deep elf blademasters
  7 quicksilver dragons
  4 sphinxes
  An Executioner (D:12)
  2 deep elf master archers (Elf:3)
  6 death cobs
  6 tengu reavers
  9 shadow dragons
  Agnes (Spider:4)
  Frances (Elf:1)
  16 storm dragons
  6 draconian monks
  2 azure jellies (IceCv)
  9 frost giants
  7 fire giants
  A rockslime (IceCv)
  An imperial myrmidon (Desolation)
  A caustic shrike zombie (Depths:3)
  9 ghost moths
  9 draconian knights
  2 iron dragons
  6 draconian scorchers
  A cacodemon (Depths:2)
  4 deep elf sorcerers
  7 draconian shifters
  13 vault wardens
  A balrug (Depths:4)
  16 ironbound preservers
  2 emperor scorpions (Spider:2)
  2 deep elf elementalists (Elf:3)
  5 draconian stormcallers
  3 war gargoyles
  3 draconian annihilators (Zot:2)
  22 very ugly things
  A spriggan defender (Depths:3)
  A demonspawn blood saint (Depths:4)
  5 quicksilver oozes (IceCv)
  6 eleionomae
  A demonspawn black sun (Depths:4)
  7 deep elf demonologists
  3 broodmothers
  4 ironbound thunderhulks
  10 black draconians
  19 stone giants
  3 vampire knights
  4 deep elf annihilators
  11 green draconians
  10 red draconians
  Azrael (Spider:2)
  13 yellow draconians
  16 white draconians
  4 dire elephants
  9 purple draconians
  5 bunyips
  4 entropy weavers
  6 spark wasps
  4 crystal guardians
  Snorg (Lair:5)
  21 ettins
  The ghost of Bruhh the Zephyrmancer, a journeyman OgEE of Vehumet (Lair:5)
  11 fire dragons
  7 deep elf death magi
  A deep elf high priest (Elf:3)
  2 shambling mangroves (Swamp:2)
  14 yaktaur captains
  17 hydras
  4 rakshasas
  10 great orbs of eyes
  27 vault guards
  2 quicksilver dragon skeletons
  8 ice dragons
  Harold (Lair:2)
  3 servants of whispers (Desolation)
  Fannar (D:12)
  9 peacekeepers
  5 ragged hierophants (Desolation)
  13 boulder beetles
  An ogre mage (Vaults:1)
  5 spriggan air magi
  A ghost crab (Swamp:1)
  12 ironbound frosthearts
  9 jorogumos
  7 centaur warriors
  An anaconda (shapeshifter) (Vaults:5)
  6 two-headed ogres
  29 dancing weapons
  An alligator (shapeshifter) (Depths:4)
  2 catoblepae
  6 deep troll shamans
  4 tengu warriors
  2 death scarabs (Spider:2)
  A death yak (Lair:5)
  A vampire mage (Depths:2)
  10 alligators
  5 spriggan berserkers
  2 thrashing horrors (Lair:6)
  4 orc high priests
  A two-headed ogre (shapeshifter) (Vaults:5)
  4 deep troll earth magi (Depths:3)
  2 sun demons (Depths:1)
  22 deep elf knights
  A soul eater (Depths:1)
  A fire crab (Lair:3)
  6 hell knights
  2 iron trolls
  4 skeletal warriors (Vaults:2)
  A sea snake (shapeshifter) (Vaults:5)
  7 goliath frogs
  3 pharaoh ants (Spider:2)
  2 sun moths
  A shadow demon (D:9)
  A spriggan druid (Swamp:2)
  9 glowing orange brains
  An orange crystal statue (IceCv)
  57 deep trolls
  9 orb spiders
  9 steelbarb worms
  9 bog bodies
  14 swamp dragons
  13 wizards
  10 deep elf archers
  An obsidian statue (Zot:5)
  7 orc knights
  22 ironbound convokers
  6 phantasmal warriors
  9 necromancers
  17 deep elf zephyrmancers
  3 lindwurms (Vaults:4)
  37 deep elf pyromancers
  A mana viper (shapeshifter) (D:14)
  8 orc sorcerers
  18 wolf spiders
  4 cyclopes
  A shadow dragon skeleton (Vaults:2)
  4 will-o-the-wisps
  A sphinx skeleton (Vaults:2)
  4 large abominations
  A salamander (Depths:1)
  71 ugly things
  A manticore (D:15)
  28 moths of wrath
  16 vault sentinels
  2 guardian serpents (Desolation)
  2 centaur zombies (D:11)
  11 elephants
  A fire giant skeleton (Vaults:2)
  2 frost giant skeletons
  6 black mambas
  6 smoke demons
  5 torpor snails
  2 gargoyles (D:12)
  2 molten gargoyles (Desolation)
  An orange demon (Depths:2)
  An elf zombie (Vaults:3)
  A hellion (Depths:1)
  Maurice (D:11)
  7 cane toads
  3 rime drakes
  7 demonic crawlers
  4 unseen horrors
  2 efreet
  2 entropy weaver simulacra (IceCv)
  3 yaktaur skeletons
  A hellwing (D:12)
  2 very ugly thing simulacra (IceCv)
  42 yaktaurs
  A tormentor (D:14)
  10 komodo dragons
  An ancient zyme (Lair:6)
  2 tengu conjurers
  13 meliai
  A queen bee (shapeshifter) (D:15)
  A tengu simulacrum (Depths:3)
  A meliai (shapeshifter) (D:14)
  9 tyrant leeches
  4 bloated husks
  A shadow dragon simulacrum (Vaults:3)
  6 trolls
  14 hornets
  29 tarantellas
  A hornet (shapeshifter) (Depths:3)
  3 polar bears
  A tarantella (shapeshifter) (Lair:6)
  63 slime creatures
  30 blink frogs
  A meliai zombie (D:10)
  51 saltlings (Desolation)
  A jumping spider (shapeshifter) (D:15)
  A slime creature (shapeshifter) (Elf:3)
  25 culicivoras
  An iron dragon simulacrum (Depths:3)
  An ettin skeleton (Vaults:2)
  A shadow (D:12)
  6 spriggans
  30 jumping spiders
  2 elf skeletons
  10 water elementals
  2 air elementals
  2 wyverns
  A hog (shapeshifter) (Depths:3)
  4 ynoxinuls
  7 fire bats (Lair:1)
  Grum (D:9)
  3 wraiths
  69 yaks
  5 fire elementals
  7 basilisks
  64 redbacks
  19 vampire mosquitoes
  A steam dragon (D:7)
  A neqoxec (Depths:2)
  3 chaos spawn
  3 acid dragons
  15 swamp worms
  2 demonic crawler simulacra (IceCv)
  30 water moccasins
  3 hell hounds (Spider:2)
  A floating eye (shapeshifter) (Vaults:5)
  2 floating eyes
  2 black bears (Lair:1)
  A sky beast (D:6)
  23 orc warriors
  An ice beast (D:6)
  A black bear (shapeshifter) (D:14)
  5 ugly thing simulacra (IceCv)
  7 swamp drakes (Swamp:4)
  An ogre (shapeshifter) (Depths:3)
  11 wolves
  8 centaurs
  6 ogres
  6 human skeletons (Vaults:2)
  A phantom (D:4)
  A human zombie (Vaults:4)
  4 earth elementals
  11 bullfrogs
  5 scorpions
  A glowing shapeshifter simulacrum (Vaults:3)
  2 gnoll sergeants
  4 killer bees (D:11)
  4 wights (D:7)
  9 howler monkeys
  7 electric eels
  2 hounds
  A bullfrog zombie (D:5)
  Crazy Yiuf (D:2)
  A gnoll shaman (D:6)
  18 orc priests
  3 jellies (Sewer)
  3 bullfrog skeletons
  23 orc wizards
  6 iguanas
  3 killer bee zombies
  19 small abominations
  A howler monkey zombie (D:9)
  Robin (D:1)
  11 gnolls
  A howler monkey skeleton (D:7)
  22 adders
  4 river rats (Sewer)
  An ufetubus (D:6)
  A dart slug (D:1)
  66 orcs
  7 ball pythons
  3 bats
  18 endoplasms
  8 giant cockroaches
  12 goblins
  7 hobgoblins
  6 jackals (D:3)
  8 kobolds
  4 quokkas
  A quokka (shapeshifter) (D:15)
  3 frilled lizards
  10 rats
2238 creatures vanquished.

Vanquished Creatures (collateral kills)
  An ogre (D:5)
  7 wights
  2 gnolls
  An orc (D:6)
11 creatures vanquished.

Vanquished Creatures (others)
  A bloated husk (Swamp:2)
  A water elemental (Depths:2)
  4 dancing weapons
  A bush (Lair:4)
  10 foxfires
  54 fulminant prisms
  24 fungi
  84 plants
179 creatures vanquished.

Grand Total: 2428 creatures vanquished

Notes
Turn   | Place    | Note
-------+----------+-------------------------------------------
     0 | D:1      | maxonian the Demonspawn Enchanter began the quest for the
                  | Orb.
     0 | D:1      | Reached XP level 1. HP: 13/13 MP: 3/3
   471 | D:1      | Gained mutation: You are partially covered in sharp spines.
                  | [demonic ancestry]
   471 | D:1      | Reached XP level 2. HP: 16/20 MP: 5/5
   826 | D:1      | Reached skill level 1 in Fighting
  1084 | D:1      | Learned a level 2 spell: Ensorcelled Hibernation
  1341 | D:1      | Gained mutation: You have large cloven feet. [demonic
                  | ancestry]
  1341 | D:1      | Reached XP level 3. HP: 26/26 MP: 6/6
  1768 | D:2      | Noticed Robin
  1794 | D:1      | Killed Robin
  2103 | D:2      | Reached XP level 4. HP: 25/32 MP: 7/7
  2499 | D:2      | Reached skill level 1 in Ice Magic
  2834 | D:2      | Noticed Sigmund
  3027 | D:3      | Learned a level 3 spell: Confusing Touch
  3031 | D:3      | Learned a level 3 spell: Tukima's Dance
  3223 | D:3      | Found a glowing drain.
  3241 | Sewer    | Entered a sewer
  3276 | Sewer    | Gained mutation: Your demonic aura sometimes causes spilled
                  | blood to erupt in flames. [demonic ancestry]
  3276 | Sewer    | Reached XP level 5. HP: 38/38 MP: 9/9
  3484 | Sewer    | Found a viscous altar of Jiyva.
  3568 | Sewer    | Gained mutation: You are partially covered in rugged brown
                  | scales. (AC +1, +3% HP) [demonic ancestry]
  3568 | Sewer    | Reached XP level 6. HP: 36/47 MP: 10/10
  4789 | D:4      | Reached skill level 2 in Ice Magic
  5628 | D:4      | Noticed a water moccasin
  6234 | D:4      | Gained mutation: You are mostly covered in rugged brown
                  | scales. (AC +2, +5% HP) [demonic ancestry]
  6234 | D:4      | Reached XP level 7. HP: 33/54 MP: 8/12
  6531 | D:5      | Entered Level 5 of the Dungeon
  6581 | D:5      | Found an ancient bone altar of Kikubaaqudgha.
  6829 | D:5      | Found a broken altar of Ashenzari.
  7174 | D:5      | Reached skill level 3 in Ice Magic
  7175 | D:5      | Reached skill level 5 in Hexes
  7264 | D:5      | Found a shimmering altar of Xom.
  7328 | D:5      | Reached skill level 5 in Stealth
  7385 | D:5      | Became a worshipper of Ashenzari the Shackled
  7419 | D:5      | Gained mutation: You have hoof-like feet. [demonic
                  | ancestry]
  7419 | D:5      | Reached XP level 8. HP: 26/63 MP: 9/14
  7915 | D:6      | Reached skill level 4 in Ice Magic
  7948 | D:6      | Found a sacrificial altar of Ru.
  7960 | D:6      | Reached skill level 1 in Short Blades
  8050 | D:6      | Reached skill level 5 in Spellcasting
  8352 | D:7      | Found a staircase to the Ecumenical Temple.
  8498 | D:6      | Reached skill level 5 in Fighting
  8750 | D:7      | Reached XP level 9. HP: 61/71 MP: 16/16
  8889 | D:7      | You fall into a shaft and drop 1 floor!
 10918 | D:8      | Gained mutation: Your demonic aura often causes spilled
                  | blood to erupt in flames. [demonic ancestry]
 10918 | D:8      | Reached XP level 10. HP: 58/79 MP: 16/19
 11320 | D:9      | Noticed Grum
 11360 | D:9      | Killed Grum
 11994 | D:9      | Learned a level 4 spell: Fulminant Prism
 12721 | D:10     | Entered Level 10 of the Dungeon
 12797 | D:10     | Reached skill level 1 in Conjurations
 13077 | D:10     | Noticed a two-headed ogre
 13090 | D:10     | Killed a two-headed ogre
 13145 | D:10     | Reached * piety under Ashenzari
 13145 | D:10     | Identified a scroll of acquirement
 13156 | D:10     | Found a bloodstained altar of Trog.
 13477 | D:10     | Found a staircase to the Orcish Mines.
 13715 | D:10     | Reached ** piety under Ashenzari
 13925 | D:11     | Identified the +5 dagger of Wealth {pain, rElec Dex+2}
 13974 | D:11     | Reached skill level 5 in Conjurations
 13977 | D:11     | Reached XP level 11. HP: 93/94 MP: 24/24
 14102 | D:11     | Noticed Maurice
 14109 | D:11     | Killed Maurice
 14547 | D:11     | Noticed a boulder beetle
 14585 | D:11     | Killed a boulder beetle
 14621 | D:11     | Found a runed translucent gate.
 14621 | D:11     | Found a runed translucent gate.
 14621 | D:11     | Found a runed translucent gate.
 14621 | D:11     | Noticed a brown ugly thing
 14621 | D:11     | Noticed a white ugly thing
 14622 | D:11     | Noticed a white ugly thing
 14622 | D:11     | Noticed a cyan ugly thing
 14622 | D:11     | Noticed a glowing orange brain
 14830 | D:11     | Found a staircase to the Lair.
 15224 | Lair:1   | Entered Level 1 of the Lair of Beasts
 15394 | Lair:1   | Acquired Waefoul's Papyrus of Conjuration
 15401 | Lair:1   | Learned a level 4 spell: Iskenderun's Mystic Blast
 15820 | Lair:1   | Reached skill level 1 in Translocations
 16197 | Lair:1   | Gained mutation: You are mostly covered in sharp spines.
                  | [demonic ancestry]
 16197 | Lair:1   | Reached XP level 12. HP: 102/102 MP: 26/26
 16722 | Lair:2   | Noticed Harold
 16754 | Lair:2   | Killed Harold
 17163 | Lair:2   | Noticed a boulder beetle
 17167 | Lair:2   | Reached skill level 5 in Translocations
 17182 | Lair:2   | Killed a boulder beetle
 17696 | Lair:3   | Found a hole to the Spider Nest.
 17944 | Lair:3   | Reached skill level 1 in Throwing
 18060 | Lair:3   | Reached skill level 5 in Dodging
 18081 | Lair:3   | Reached skill level 5 in Short Blades
 18185 | Lair:3   | Noticed an eight-headed hydra
 18303 | Lair:3   | Killed an eight-headed hydra
 18572 | Lair:3   | Reached XP level 13. HP: 98/109 MP: 27/27
 18991 | Lair:3   | Learned a level 4 spell: Hailstorm
 19060 | Lair:4   | Reached skill level 10 in Stealth
 19208 | Lair:4   | Reached skill level 1 in Shields
 19960 | Lair:4   | Reached *** piety under Ashenzari
 20815 | Lair:4   | Found a staircase to the Swamp.
 21204 | Lair:5   | Noticed Snorg
 21213 | Lair:5   | Killed Snorg
 21335 | Lair:5   | Found a runed translucent door.
 21387 | Lair:5   | Found a runed translucent door.
 21387 | Lair:5   | Found a viscous altar of Jiyva.
 21388 | Lair:5   | Found a staircase to the Slime Pits.
 21446 | Lair:5   | Reached **** piety under Ashenzari
 21624 | Lair:5   | Noticed Bruhh's ghost (journeyman OgEE)
 21793 | Lair:5   | Identified the +10 spear of Rubbish {vamp, Int+4}
 22112 | Lair:5   | Killed Bruhh's ghost
 22113 | Lair:5   | Reached skill level 5 in Ice Magic
 22131 | Lair:6   | Entered Level 6 of the Lair of Beasts
 22704 | Lair:6   | Reached skill level 6 in Ice Magic
 22704 | Lair:6   | Gained mutation: You are completely covered in rugged brown
                  | scales. (AC +3, +7% HP) [demonic ancestry]
 22704 | Lair:6   | Reached XP level 14. HP: 107/124 MP: 6/30
 22716 | Lair:5   | Reached skill level 5 in Shields
 22865 | Lair:6   | Learned a level 5 spell: Irradiate
 23294 | Lair:6   | Reached skill level 1 in Transmutations
 24395 | Lair:6   | Found a corrupted altar of Lugonu.
 24395 | Lair:6   | Found a one-way gate to the infinite horrors of the Abyss.
 24996 | D:2      | Found a runed translucent door.
 24997 | D:2      | Noticed Crazy Yiuf
 25004 | D:2      | Killed Crazy Yiuf
 25448 | D:11     | Found a runed translucent gate.
 25448 | D:11     | Found a runed translucent gate.
 25450 | D:11     | Noticed a cacodemon
 25451 | D:11     | Found a runed translucent gate.
 25451 | D:11     | Noticed Peloso's ghost (journeyman MiFi)
 25919 | D:12     | Reached skill level 1 in Evocations
 26118 | D:12     | Reached skill level 1 in Armour
 26394 | D:12     | Noticed Fannar
 26424 | D:12     | Killed Fannar
 26631 | D:12     | Reached skill level 5 in Transmutations
 27683 | D:14     | Reached XP level 15. HP: 114/130 MP: 31/31
 27702 | D:14     | Found an iron altar of Okawaru.
 27702 | D:14     | Identified the +12 spear of Tenacity {freeze, Str-2 Int+10}
 28165 | D:14     | Noticed a tengu reaver
 28225 | D:14     | Noticed a fire giant
 28230 | D:14     | Noticed a fire giant
 28466 | D:14     | Found a gate to the Vaults.
 28560 | D:14     | Reached skill level 5 in Evocations
 28564 | D:14     | Killed a fire giant
 28599 | D:14     | Killed a fire giant
 28814 | D:14     | Killed a tengu reaver
 29116 | D:15     | Entered Level 15 of the Dungeon
 29183 | D:15     | Found a runed translucent gate.
 29183 | D:15     | Found a runed translucent gate.
 29183 | D:15     | Found a runed translucent gate.
 29585 | D:15     | Found a shadowy altar of Dithmenos.
 29717 | D:15     | Found a staircase to the Depths.
 29756 | D:15     | Gained mutation: You have hidden genetic defects.
                  | [mutagenic glow]
 29843 | D:15     | Lost mutation: You have hidden genetic defects. [potion of
                  | mutation]
 29843 | D:15     | Gained mutation: Your flesh is heat resistant. (rF+)
                  | [potion of mutation]
 30249 | D:15     | Found a runed translucent gate.
 30249 | D:15     | Found a runed translucent gate.
 30251 | D:15     | Noticed a tentacled monstrosity
 30254 | D:15     | Noticed maxonian's ghost (journeyman DsWn)
 30256 | D:15     | Found a runed translucent gate.
 30482 | Spider:1 | Entered Level 1 of the Spider Nest
 31656 | Lair:3   | Reached XP level 16. HP: 138/138 MP: 20/31
 31998 | Spider:1 | Reached skill level 1 in Necromancy
 32073 | Spider:1 | Reached skill level 10 in Fighting
 32897 | Spider:2 | Noticed Azrael
 32904 | Spider:2 | Killed Azrael
 32916 | Spider:2 | Reached skill level 5 in Necromancy
 34896 | Spider:3 | Found a frozen archway.
 35389 | IceCv    | Entered an ice cave
 35638 | IceCv    | Reached skill level 10 in Necromancy
 36102 | IceCv    | Reached XP level 17. HP: 138/149 MP: 1/32
 36848 | IceCv    | Found a viscous altar of Jiyva.
 37028 | IceCv    | Identified the +7 ice dragon scales of Sunlight {rF- rC++
                  | Dex+3}
 37509 | Spider:3 | Noticed Arachne
 37563 | Spider:3 | Killed Arachne
 37902 | Spider:3 | Reached skill level 10 in Hexes
 38363 | Spider:4 | Entered Level 4 of the Spider Nest
 40215 | Spider:4 | Noticed Agnes
 40224 | Spider:4 | Killed Agnes
 40225 | Spider:4 | Reached skill level 10 in Short Blades
 40401 | Spider:4 | Identified the +0 hat of the Crypt {rPois rF+ MP+9}
 40407 | Spider:4 | Got a gossamer rune of Zot
 40609 | Swamp:1  | Entered Level 1 of the Swamp
 40875 | Swamp:1  | Noticed Jorgrun
 40888 | Swamp:1  | Reached skill level 7 in Ice Magic
 40916 | Swamp:1  | Killed Jorgrun
 41342 | Swamp:1  | Learned a level 7 spell: Enfeeble
 41366 | Swamp:2  | Reached skill level 8 in Ice Magic
 41414 | Swamp:2  | Reached ***** piety under Ashenzari
 41414 | Swamp:2  | Gained mutation: You have hooves in place of feet. [demonic
                  | ancestry]
 41414 | Swamp:2  | Reached XP level 18. HP: 106/156 MP: 20/32
 41883 | Swamp:2  | Reached skill level 9 in Ice Magic
 42341 | Swamp:2  | Found a runed translucent door.
 42352 | Swamp:2  | Noticed Jida's ghost (adept FeSu)
 42966 | Swamp:3  | Noticed Bai Suzhen
 43094 | Swamp:2  | Killed Bai Suzhen
 43267 | Swamp:3  | Found a hide-covered altar of Uskayaw.
 43932 | Swamp:4  | Entered Level 4 of the Swamp
 43977 | Swamp:4  | Noticed Roxanne
 44065 | Swamp:4  | Reached skill level 10 in Ice Magic
 44283 | Swamp:4  | Learned a level 7 spell: Ozocubu's Refrigeration
 44526 | Swamp:4  | Noticed the 27-headed Lernaean hydra
 44608 | Swamp:4  | Killed the 27-headed Lernaean hydra
 44711 | Swamp:4  | Reached skill level 11 in Ice Magic
 44977 | Swamp:4  | Identified the +2 quarterstaff "Ilosy" {flame, rElec rPois}
 45012 | Swamp:4  | Got a decaying rune of Zot
 45641 | Orc:1    | Entered Level 1 of the Orcish Mines
 45906 | Orc:1    | Paralysed by a floating eye for 2 turns
 46260 | Orc:2    | Entered Level 2 of the Orcish Mines
 46260 | Orc:2    | Found a staircase to the Elven Halls.
 46522 | Orc:2    | Found Foinully's Weapon Emporium.
 46646 | Orc:2    | Found Rasaqey's Distillery.
 46655 | Orc:2    | Found Haonuthre's Distillery.
 46656 | Orc:2    | Found Culoss's Antique Armour Shop.
 46885 | Orc:2    | Found Obaqinea's Assorted Antiques.
 46915 | Orc:1    | Reached skill level 12 in Ice Magic
 48143 | Orc:2    | Bought a scroll of blinking for 232 gold pieces
 48148 | Orc:2    | Bought a potion of haste for 120 gold pieces
 48148 | Orc:2    | Bought 2 potions of heal wounds for 120 gold pieces
 48148 | Orc:2    | Bought a potion of might for 48 gold pieces
 48150 | Orc:2    | Bought a potion of haste for 100 gold pieces
 48150 | Orc:2    | Bought a potion of heal wounds for 50 gold pieces
 48150 | Orc:2    | Bought a potion of resistance for 100 gold pieces
 48150 | Orc:2    | Bought a potion of curing for 30 gold pieces
 48203 | Elf:1    | Entered Level 1 of the Elven Halls
 48698 | Elf:1    | Reached skill level 13 in Ice Magic
 49106 | Elf:1    | Reached XP level 19. HP: 142/161 MP: 32/34
 49519 | Elf:1    | Noticed Frances
 49892 | Elf:1    | Killed Frances
 50082 | Elf:2    | Reached skill level 14 in Ice Magic
 50103 | Elf:2    | Found a crumbling gateway.
 50185 | Desolati | Entered the Desolation of Salt
 51111 | Desolati | Identified the ring "Leruaxzi" {*Corrode rC+ Int+2 Dex+6
                  | Stlth+}
 51237 | Desolati | Identified the +4 long sword of the Ancients {flame,
                  | *Corrode rF+ Dex+3 Stlth+}
 51382 | Desolati | Identified the ring "Qearil" {Wiz *Slow rPois Int+8 Slay-5}
 51779 | Desolati | Reached skill level 15 in Ice Magic
 52395 | Desolati | Identified the +4 chain mail "Apned" {+Blink rPois rF-
                  | Int+4}
 52463 | Desolati | Identified Sozio's Reference Book on Conjuration and Heat
 52774 | Desolati | Identified the +6 spear of Irauc {antimagic, rPois Dex+4}
 53685 | Elf:2    | Found a runed translucent gate.
 53687 | Elf:2    | Found a runed translucent gate.
 53688 | Elf:2    | Found a runed translucent gate.
 53838 | Elf:2    | Reached skill level 16 in Ice Magic
 54328 | Elf:2    | Reached skill level 10 in Spellcasting
 55002 | Elf:3    | Entered Level 3 of the Elven Halls
 55142 | Elf:3    | Found Momisch's Antique Armour Shoppe.
 55912 | Elf:3    | Found Nomacux's Antique Armour Shoppe.
 55912 | Elf:3    | Found Gaadd's Magic Scroll Emporium.
 56055 | Elf:3    | Gained mutation: Your demonic aura causes all spilled blood
                  | to erupt in flames. [demonic ancestry]
 56055 | Elf:3    | Reached XP level 20. HP: 172/172 MP: 31/37
 56126 | Elf:3    | Bought a scroll of teleportation for 36 gold pieces
 56126 | Elf:3    | Bought a scroll of teleportation for 36 gold pieces
 56126 | Elf:3    | Bought a scroll of teleportation for 36 gold pieces
 56134 | Elf:3    | Bought a polished cloak for 332 gold pieces
 56134 | Elf:3    | Identified the +0 cloak of Evolution {Dex+4} (You bought it
                  | in a shop on level 3 of the Elven Halls)
 56134 | Elf:3    | Bought a twisted cloak for 332 gold pieces
 56134 | Elf:3    | Identified the +2 cloak "Vifovi" {Int+5} (You bought it in
                  | a shop on level 3 of the Elven Halls)
 56148 | Elf:3    | Learned a level 6 spell: Statue Form
 56377 | Elf:3    | Reached skill level 1 in Earth Magic
 56630 | Elf:3    | Paralysed by an air elemental for 1 turns
 56823 | Elf:3    | Identified the cursed +2 pair of gloves "Elysian
                  | Scepticism" {Stlth+, Self, Cun} (You found it on level 6 of
                  | the Dungeon)
 56823 | Elf:3    | Identified the cursed +2 leather armour of Ashenzari's
                  | Mysticism {rC+, Elem, Evo} (You took it off an orc on level
                  | 9 of the Dungeon)
 56825 | Elf:3    | Identified the ring of Faedila {rC+ Dex+4}
 57058 | Elf:3    | Identified the +0 chain mail of Pasole {SInv Stlth+}
 57262 | Elf:3    | Identified the amulet "Taec" {+Inv Will- Regen+ Str+3
                  | Stlth+}
 57379 | Elf:3    | Identified the ring of Hepliaklqana's Fury {rF+ rC+ SInv}
 58036 | Elf:3    | Identified the +4 lajatang of Recklessness {antimagic, rC+
                  | Str+6}
 58888 | Elf:3    | Reached skill level 5 in Earth Magic
 59120 | Elf:3    | Identified the +4 whip of the Morning {vorpal, Int+4}
 59425 | Elf:3    | Identified the Volume of the Arsonist
 59448 | Elf:3    | Identified the +1 trident of the Establishment {vorpal,
                  | +Blink rElec}
 59449 | Elf:3    | Found the +9 heavy crossbow "Sniper" {vorpal, Acc+∞ SInv}
 60525 | Vaults:1 | Entered Level 1 of the Vaults
 61524 | Vaults:1 | Found Uhygacu's Armour Boutique.
 63181 | Vaults:2 | Found Lowup's Magic Scroll Shop.
 63197 | Vaults:2 | Bought a scroll of teleportation for 39 gold pieces
 63197 | Vaults:2 | Bought a scroll of fog for 26 gold pieces
 63227 | Vaults:2 | Reached skill level 10 in Transmutations
 63949 | Vaults:2 | Found Xucrumon's Antique Weapon Shop.
 63957 | Vaults:2 | Bought a crystal dagger for 273 gold pieces
 63957 | Vaults:2 | Identified the +5 dagger "Tererifori" {spect, Int+3} (You
                  | bought it in a shop on level 2 of the Vaults)
 64396 | Vaults:2 | Reached XP level 21. HP: 179/179 MP: 10/38
 64703 | Vaults:2 | Found a staircase to the Crypt.
 65482 | Vaults:2 | Found Woakk's Armour Shop.
 65520 | Vaults:2 | Found the +18 shield of the Gong {rElec rN+ Will+ EV-5}
 65801 | Vaults:3 | Reached skill level 10 in Earth Magic
 68326 | Vaults:3 | Found a portal to a secret trove of treasure.
 68912 | Vaults:3 | You paid a toll of a +7 demon whip to enter a treasure
                  | trove
 68913 | Trove    | Entered a treasure trove
 68916 | Trove    | Identified the +3 buckler of Dithmenos's Scorn {Slay+3}
 68917 | Trove    | Identified the +5 kite shield "Hazoh" {Harm rC++ Will-
                  | Dex+4}
 68917 | Trove    | Identified the +3 kite shield of Tomorrow {rC++ Str-2 SInv}
 69255 | Vaults:2 | Bought the +3 ring mail of Imotheh {rElec rF+ Dex+2} for
                  | 530 gold pieces
 69371 | Vaults:4 | Reached skill level 5 in Armour
 69529 | Vaults:4 | Found a flickering gateway to a bazaar.
 69575 | Bazaar   | Entered a bazaar
 69595 | Bazaar   | Found Tozoet's Weapon Emporium.
 69617 | Bazaar   | Found Waykoatir's General Store.
 69649 | Bazaar   | Found Umerad's Weapon Shoppe.
 69658 | Bazaar   | Found Heecar's Jewellery Shoppe.
 69670 | Bazaar   | Found Usiel's Book Emporium.
 69706 | Bazaar   | Bought an amulet of magic regeneration for 600 gold pieces
 70960 | Vaults:4 | Cast into level 2 of the Abyss (a wizard)
 71016 | Vaults:4 | Escaped the Abyss
 73286 | Depths:1 | Entered Level 1 of the Depths
 73813 | Depths:1 | Found a gateway to Hell.
 73889 | Depths:1 | Found an opulent altar of Gozag.
 74030 | Depths:1 | Found a runed translucent door.
 74032 | Depths:1 | Noticed a golden dragon
 74146 | Depths:2 | Found a one-way gate leading to the halls of Pandemonium.
 74174 | Depths:2 | Found a flickering gateway to a bazaar.
 74206 | Bazaar   | Entered a bazaar
 74208 | Bazaar   | Found Dymiluorr's Jewellery Emporium.
 74215 | Bazaar   | Found Qinkoun's Antique Weapon Boutique.
 74221 | Bazaar   | Found Odaatruimp's Antique Armour Emporium.
 74228 | Bazaar   | Found Okua's Magic Scroll Shop.
 74298 | Bazaar   | Bought a scroll of fear for 38 gold pieces
 74298 | Bazaar   | Bought a scroll of fog for 22 gold pieces
 74298 | Bazaar   | Bought a scroll of teleportation for 33 gold pieces
 74298 | Bazaar   | Bought a scroll of fear for 38 gold pieces
 74298 | Bazaar   | Bought 2 scrolls of fog for 44 gold pieces
 74414 | Depths:2 | Reached XP level 22. HP: 185/185 MP: 14/38
 74653 | Depths:2 | Noticed Nikola
 74740 | Depths:2 | Killed Nikola
 74943 | Depths:2 | Identified the +1 scale mail "Leij" {rCorr}
 75883 | Depths:2 | Reached skill level 10 in Shields
 76180 | Depths:2 | Noticed a caustic shrike
 76189 | Depths:2 | Killed a caustic shrike
 77176 | Depths:3 | Identified the +1 leather armour of the Pits of Slime
                  | {Int+4}
 77441 | Depths:3 | Identified the amulet "Uvicuajae" {Spirit Dex+4}
 77542 | Depths:3 | Noticed a golden dragon
 77556 | Depths:3 | Killed a golden dragon
 77677 | Depths:3 | Noticed a golden dragon
 78177 | Depths:3 | Noticed a caustic shrike
 78371 | Depths:3 | Killed a caustic shrike
 78551 | Depths:3 | Killed a golden dragon
 78860 | Depths:3 | Noticed a caustic shrike
 78864 | Depths:3 | Killed a caustic shrike
 79610 | Depths:3 | Found a bloodstained altar of Trog.
 79766 | Depths:3 | Found a one-way gateway to a ziggurat.
 79856 | Depths:3 | Found a stormy altar of Qazlal.
 79945 | Depths:4 | Entered Level 4 of the Depths
 79948 | Depths:4 | Noticed a caustic shrike
 79949 | Depths:4 | Noticed a caustic shrike
 79953 | Depths:4 | Noticed a caustic shrike
 79954 | Depths:4 | Noticed a caustic shrike
 79955 | Depths:4 | Noticed a caustic shrike
 79971 | Depths:3 | Killed a caustic shrike
 79971 | Depths:3 | Killed a caustic shrike
 79972 | Depths:3 | Killed a caustic shrike
 80175 | Depths:3 | Killed a caustic shrike
 80199 | Depths:4 | Killed a caustic shrike
 80200 | Depths:4 | Reached XP level 23. HP: 191/191 MP: 28/40
 80453 | Depths:4 | Noticed a juggernaut
 80481 | Depths:4 | Killed a juggernaut
 80569 | Depths:4 | Found an ornate altar of the Wu Jian Council.
 80876 | Depths:4 | Identified the +5 dagger "Goblinbane" {protect, rF+ Int+4
                  | Stlth+}
 80895 | Depths:4 | Identified the +1 ring mail of Tartarus {rC++ Regen+ MP-9
                  | Int+2}
 81197 | Depths:4 | Found a broken altar of Ashenzari.
 82217 | Depths:4 | Reached skill level 15 in Fighting
 82253 | Depths:4 | Found a gate to the Realm of Zot.
 82511 | Depths:4 | Learned a level 9 spell: Polar Vortex
 82959 | Vaults:5 | Entered Level 5 of the Vaults
 82977 | Vaults:5 | Reached skill level 17 in Ice Magic
 83597 | Vaults:5 | Reached skill level 18 in Ice Magic
 83837 | Vaults:5 | Gained mutation: You are completely covered in sharp
                  | spines. [demonic ancestry]
 83837 | Vaults:5 | Reached XP level 24. HP: 205/205 MP: 26/41
 84040 | Vaults:5 | Identified the Grimoire of Weightlessness and Conjuration
 84242 | Vaults:5 | Identified the +1 broad axe of Departure {freeze, Str+8}
 84243 | Vaults:5 | Found the ring of the Mage {Wiz Archmagi}
 84419 | Vaults:5 | Identified the +0 ring mail of Parlour Games {Contam rElec
                  | Will+ Int+3}
 84504 | Vaults:5 | Identified the +7 plate armour of Lueruamm {Regen+ Dex+2}
 84576 | Vaults:5 | Identified the +3 arbalest "Ytzufio" {elec, Int+5}
 85196 | Vaults:5 | Got a silver rune of Zot
 85705 | Zot:1    | Entered Level 1 of the Realm of Zot
 86136 | Zot:1    | Reached skill level 19 in Ice Magic
 86664 | Zot:1    | Found a runed translucent gate.
 86664 | Zot:1    | Found a runed translucent gate.
 86664 | Zot:1    | Found an opulent altar of Gozag.
 86664 | Zot:1    | Found a runed translucent gate.
 86664 | Zot:1    | Found Koifusm's Assorted Antiques.
 86666 | Zot:1    | Noticed hitsuchi's ghost (veteran DgCj)
 87135 | Zot:1    | Reached skill level 20 in Ice Magic
 87827 | Zot:2    | Noticed a Killer Klown
 87840 | Zot:2    | Killed a Killer Klown
 88218 | Zot:2    | Reached skill level 21 in Ice Magic
 89414 | Zot:3    | Noticed a Killer Klown
 89421 | Zot:3    | Killed a Killer Klown
 89431 | Zot:3    | Noticed an orb of fire
 89432 | Zot:3    | Gained mutation: You are frail. (-10% HP) [an orb of fire]
 89461 | Zot:3    | Killed an orb of fire
 89462 | Zot:3    | Lost mutation: You are frail. (-10% HP) [demonic ancestry]
 89462 | Zot:3    | Gained mutation: You are robust. (+10% HP) [demonic
                  | ancestry]
 89462 | Zot:3    | Reached XP level 25. HP: 224/232 MP: 35/41
 90741 | Zot:4    | Reached skill level 15 in Shields
 90797 | Zot:2    | Identified the cursed +2 robe "Share My Affliction"
                  | {Archmagi, Bglg, Cun} (You took it off an orc sorcerer on
                  | level 2 of the Orcish Mines)
 91221 | Elf:2    | Learned a level 7 spell: Orb of Destruction
 91956 | Zot:4    | Reached skill level 10 in Conjurations
 92104 | Zot:4    | Identified the +10 rapier "Sevaavipp" {freeze, rC+ Will+}
 92150 | Zot:4    | Noticed an orb of fire
 92583 | Zot:5    | Entered Level 5 of the Realm of Zot
 92807 | Zot:5    | Noticed an ancient lich
 92817 | Zot:5    | Noticed an ancient lich
 92846 | Zot:5    | Identified the +6 hand crossbow of the Singing Priest
                  | {vorpal, rF- rC- Str+10 Stlth+}
 93208 | Zot:5    | Noticed an orb of fire
 93209 | Zot:5    | Killed an ancient lich
 93209 | Zot:5    | Noticed a Killer Klown
 93369 | Zot:5    | Noticed a dread lich
 93371 | Zot:5    | Noticed an orb of fire
 93371 | Zot:5    | Gained mutation: Your magical capacity is low. (-10% MP)
                  | [an orb of fire]
 93371 | Zot:5    | Gained mutation: You sometimes lose the ability to read
                  | scrolls when taking damage. [an orb of fire]
 93372 | Zot:5    | Killed a Killer Klown
 93372 | Zot:5    | Killed a dread lich
 93372 | Zot:5    | Killed an orb of fire
 93373 | Zot:5    | Noticed an orb of fire
 93373 | Zot:5    | Noticed a dread lich
 93376 | Zot:4    | Gained mutation: You are clumsy. (Dex -2) [an orb of fire]
 93378 | Zot:4    | Killed an orb of fire
 93577 | Zot:4    | Lost mutation: You sometimes lose the ability to read
                  | scrolls when taking damage. [potion of mutation]
 93577 | Zot:4    | Lost mutation: Your magical capacity is low. (-10% MP)
                  | [potion of mutation]
 93577 | Zot:4    | Lost mutation: You are clumsy. (Dex -2) [potion of
                  | mutation]
 93577 | Zot:4    | Gained mutation: Your muscles are strong. (Str +2) [potion
                  | of mutation]
 93577 | Zot:4    | Gained mutation: Your spells are a little easier to cast,
                  | but a little less powerful. [potion of mutation]
 93621 | Zot:5    | Noticed a dread lich
 93626 | Zot:5    | Killed a dread lich
 93628 | Zot:5    | Gained mutation: Your spells are easier to cast, but less
                  | powerful. [an orb of fire]
 93628 | Zot:5    | Gained mutation: Your magical capacity is low. (-10% MP)
                  | [an orb of fire]
 93629 | Zot:5    | Killed an orb of fire
 93632 | Zot:5    | Killed a dread lich
 93632 | Zot:5    | Noticed a dread lich
 93676 | Zot:5    | Paralysed by a dread lich for 5 turns
 93681 | Zot:5    | Killed a dread lich
 93714 | Zot:5    | Noticed a Killer Klown
 93720 | Zot:5    | Killed a Killer Klown
 93729 | Zot:5    | Noticed a dread lich
 93736 | Zot:5    | Killed a dread lich
 93757 | Zot:5    | Reached skill level 15 in Conjurations
 93798 | Zot:5    | Killed an ancient lich
 93809 | Zot:5    | Noticed an ancient lich
 93814 | Zot:5    | Noticed an ancient lich
 93818 | Zot:5    | Killed an ancient lich
 93822 | Zot:5    | Killed an ancient lich
 93823 | Zot:5    | Gained mutation: You are very robust. (+20% HP) [demonic
                  | ancestry]
 93823 | Zot:5    | Reached XP level 26. HP: 191/261 MP: 5/37
 93823 | Zot:5    | Noticed an ancient lich
 94028 | Zot:5    | Killed an ancient lich
 94064 | Zot:5    | Noticed an ancient lich
 94070 | Zot:5    | Killed an ancient lich
 95014 | Zot:5    | Got the Orb of Zot
 95040 | Zot:5    | Noticed Abled the pandemonium lord
 95536 | D:4      | Noticed Kuarr the pandemonium lord
 95628 | D:$      | Escaped with the Orb!

Illustrated notes

Levels and vault maps discovered:
D:1:      lightli_arrival_lavapool, layout_basic
D:2:      layout_loops_cross, uniq_robin, uniq_sigmund, uniq_crazy_yiuf_cottage
D:3:      layout_loops_cross, portal_sewer_entry_a, serial_bayou_pond_c
D:4:      nicolae_BIG_FREAKIN_CUBE, layout_loops_ring, corexii_corridor_pit
D:5:      layout_rooms, general_overflow_altar,
          mainiacjoe_overflow_cross_hatched, kennysheep_mini_moat,
          item_on_display_a
D:6:      layout_rooms, mainiacjoe_overflow_concentric_impassable
D:7:      nicolae_cairo_tiling, layout_layer_cave, minmay_temple_entry_crystal_x
D:8:      layout_loops_ring, mainiacjoe_overflow_brackets
D:9:      layout_layer_cave, uniq_grum
D:10:     layout_irregular_city, trog_butcher_becter, david_orc_4,
          kennysheep_generic_room_11
D:11:     layout_loops_ring, lair_entry_dummy,
          ploomutoo_gammafunk_ghost_potion_laboratory, uniq_maurice
D:12:     minmay_box_of_statues, layout_grid_maze, uniq_fannar
D:13:     layout_roguey
D:14:     layout_roguey, david_vaults_2, okawaru_ov_weapons_minmay,
          minmay_diamond_spiral
D:15:     gammafunk_enter_depths_forms, layout_rooms,
          ploomutoo_gammafunk_ghost_potion_laboratory,
          nicolae_dithmenos_shadow_blocks
Lair:1:   lemuel_reptile_caves, layout_gridlike
Lair:2:   layout_long_grid, grunt_megastairs_4, uniq_harold
Lair:3:   layout_cave_pods, dummy_spider_entry, infiniplex_staircase_pool
Lair:4:   layout_layer_cave, nicolae_swamp_entry_splash_gauntlet,
          cheibrodos_lair_caveside_slide
Lair:5:   layout_regular_city, slime_altar_2, ebering_ghost_reflecting_pool,
          worms_lemuel, grunt_megastairs_2, uniq_snorg
Lair:6:   hellmonk_lair_end_abyssal_woods, layout_cave_shapes,
          nicolae_lair_yak_garden, lemuel_fruit_tree, lemuel_fruit_fields
Swamp:1:  layout_basic_swamp, evilmike_swamp_ruin_rubble_2, uniq_jorgrun
Swamp:2:  nicolae_swamp_wrong_neighborhood, layout_basic_swamp,
          gammafunk_ghost_grave, evilmike_swamp_ruin_rubble_1
Swamp:3:  layout_basic_swamp, hangedman_swamp_ruin_wall, nicolae_swamp_godswood,
          swamp_pool2, uniq_bai_suzhen
Swamp:4:  swamp_old_school, layout_basic_swamp, swamp_pool1, uniq_roxanne
Spider:1: layout_spider_delve
Spider:2: nicolae_spider_hilbert_zone_7 [nicolae_spider_hilbert_4_sides_1_open,
          nicolae_spider_hilbert_4_sides_1_open,
          nicolae_spider_hilbert_4_sides_1_open,
          nicolae_spider_hilbert_4_sides_1_open,
          nicolae_spider_hilbert_3_sides_1_open,
          nicolae_spider_hilbert_3_sides_1_open,
          nicolae_spider_hilbert_3_sides_1_open,
          nicolae_spider_hilbert_3_sides_1_open,
          nicolae_spider_hilbert_4_sides_1_open,
          nicolae_spider_hilbert_4_sides_1_open,
          nicolae_spider_hilbert_4_sides_1_open,
          nicolae_spider_hilbert_2_sides_1_open,
          nicolae_spider_hilbert_2_sides_1_open,
          nicolae_spider_hilbert_2_sides_1_open,
          nicolae_spider_hilbert_2_sides_1_open,
          nicolae_spider_hilbert_2_sides_1_open,
          nicolae_spider_hilbert_2_sides_1_open], uniq_azrael
Spider:3: layout_spider_delve, portal_ice_cave_entry_ugly_swarm,
          guppyfry_hornet_nest, uniq_arachne
Spider:4: grunt_spider_rune_island, uniq_agnes
Orc:1:    hellmonk_paralyzer, layout_diamond_mine
Orc:2:    grunt_orc_tribal_feast, layout_caves, serial_shops, shop_fountains,
          abandoned_shop, hellmonk_guarded_unrand_dark_maul
Elf:1:    elf_arrival_001, layout_gridlike, hangedman_corner_corridor,
          uniq_frances
Elf:2:    nicolae_elf_blades_splatter_lattice [mumra_blade_entry_bloodbath],
          layout_loops_cross, portal_desolation_entry_nicolae_slug, minivault_14
Elf:3:    grunt_elf_hall_diamonds, layout_geoelf_grid, serial_shops,
          nicolae_shop_trees, minmay_shoptagon
Vaults:1: hangedman_vaults_hard_town_square, nicolae_vaults_ninety_degrees,
          vaults_room_pool, vaults_mumra_lcd, hangedman_vaults_unwind,
          dpeg_vaults_monster_box, nicolae_vaults_network_quinsquares
          [nicolae_vaults_network_quincunx_subvault,
          nicolae_vaults_network_quincunx_subvault,
          nicolae_vaults_network_quincunx_subvault,
          nicolae_vaults_network_quincunx_subvault], nicolae_vaults_network_s,
          nicolae_vaults_diagonal_hallway_7, v_misc_23, layout_vaults_omnigrid,
          serial_shops, nicolae_lakefront_shop
Vaults:2: minmay_crypt_entry_skeletal_spiral, ontoclasm_vaults_eye, v_misc_1,
          v_misc_29, hellmonk_guarded_unrand_gong, vaults_dpeg_spiral,
          ontoclasm_vaults_loading_screen, nicolae_vaults_mini_display_case,
          layout_vaults_chaotic_city, serial_shops, shop, nicolae_diamond_shop,
          shop
Vaults:3: v_misc_22, nicolae_vaults_yaktaur_gun_rack, hangedman_vaults_stagger,
          v_misc_12, vaults_room_semicircle, vaults_room_pools,
          ontoclasm_vaults_decontamination, hangedman_vaults_impose, v_rooms_4,
          vaults_mumra_hex, vaults_room_door_hall, vaults_dpeg_encased_lava,
          grunt_vaults_diagonal, nicolae_vaults_murderbox,
          layout_vaults_omnibox, enter_trove_3
Vaults:4: ontoclasm_vaults_tryst, vaults_room_pools, hangedman_vaults_corner,
          nicolae_vaults_theta, hangedman_vaults_corner_blocks,
          nicolae_vaults_specimen_jars, hangedman_vaults_trim,
          hangedman_vaults_snaps, hangedman_vaults_cutoff, layout_vaults_ring,
          serial_shops, bzr_entry_customers
Vaults:5
Depths:1: layout_basic, abyss_entry,
          nicolae_gozag_cash_rules_everything_around_me, hellmouth_1,
          kennysheep_nondescript, lightli_gold_pyramid
Depths:2: nzn_winding_woodlands_cross [nzn_winding_woodlands_5x15_sidewinder,
          nzn_winding_woodlands_5x15_sawtooth,
          nzn_winding_woodlands_5x15_concentric,
          nzn_winding_woodlands_5x15_pockets,
          nzn_winding_woodlands_15x15_five_gardens], layout_cave_shapes,
          serial_shops, bzr_entry_road, rand_demon_pan_entry_7, hell_entry,
          minivault_16, corexii_hall_statues_u, serial_bayou_ford_a, uniq_nikola
Depths:3: minmay_complete_graph, layout_gridville, enter_ziggurat_a,
          minmay_room_of_horrors, pf_coc_iceberg, minmay_misc_feat_square,
          hangedman_feature_mirror, onia_ninara_dug_in_and_dangerous
Depths:4: grunt_zot_entry_hairpin, layout_gridlike, evilmike_ruin_ashenzari,
          hell_entry, nzn_wu_jian_council_hall, grunt_megastairs_5
Zot:1:    layout_basic, ebering_ghost_gozag
Zot:2:    kennysheep_ambush_hall, layout_basic, grunt_ministairs_1
Zot:3:    layout_misc_corridors
Zot:4:    layout_misc_corridors
Zot:5:    layout_cathedral_of_symmetry

Skill      XL: |  1  2  3  4  5  6  7  8  9 10 11 12 13 14 15 16 17 18 19 20 21 22 23 24 25 26 |
---------------+-------------------------------------------------------------------------------+-----
Fighting       | 1 2 3 5 6 7 8 9 11 12 13 14 16 | 16.5
Stealth        | 3 4 5 6 7 8 9 11 12 | 12.4
Ice Magic      | 1 2 3 4 6 8 13 16 18 21 | 21.1
Spellcasting   | 3 4 5 6 7 8 9 11 13 14 | 14.6
Hexes          | 4 5 6 7 9 11 | 11.1
Short Blades   | 2 3 4 5 6 10 | 10.2
Conjurations   | 5 8 15 16 | 16.8
Dodging        | 2 5 7 |  7.4
Translocations | 3 7 8 |  8.3
Throwing       | 1 |  1.0
Shields        | 4 6 9 10 12 15 | 15.0
Transmutations | 5 8 10 12 | 12.0
Evocations     | 4 7 |  7.9
Armour         | 3 4 7 9 |  9.5
Necromancy     | 10 | 10.4
Earth Magic    | 9 11 | 11.5

Action                   |  1- 3 |  4- 6 |  7- 9 | 10-12 | 13-15 | 16-18 | 19-21 | 22-24 | 25-27 || total
-------------------------+-------+-------+-------+-------+-------+-------+-------+-------+-------++-------
Melee: Dagger            |    87 |    90 |   258 |   535 |   965 |   964 |   333 |   187 |       ||  3419
       Kick              |    11 |    35 |   101 |   185 |   460 |   429 |   167 |   137 |       ||  1525
       Punch             |       |     3 |     1 |       |       |       |       |       |       ||     4
       Spear             |       |       |       |       |       |       |       |    32 |     6 ||    38
 Fire: Hunting sling     |    28 |   210 |    57 |       |       |       |       |       |       ||   295
 Cast: Confusing Touch   |       |     3 |    25 |    11 |    38 |     9 |    13 |    22 |       ||   121
       Tukima's Dance    |       |       |    26 |    19 |     1 |       |       |       |       ||    46
       Ensorcelled Hiber |       |       |     1 |    22 |    33 |    51 |       |    30 |       ||   137
       Fulminant Prism   |       |       |       |    38 |    13 |     1 |       |       |     2 ||    54
       Iskenderun's Myst |       |       |       |     2 |    80 |    96 |    14 |    22 |       ||   214
       Hailstorm         |       |       |       |       |    42 |    44 |     2 |     1 |       ||    89
       Irradiate         |       |       |       |       |    19 |   112 |    95 |    84 |    57 ||   367
       Ozocubu's Refrige |       |       |       |       |       |    58 |   438 |   365 |    81 ||   942
       Enfeeble          |       |       |       |       |       |     4 |     1 |     2 |       ||     7
       Statue Form       |       |       |       |       |       |       |    20 |    48 |    31 ||    99
       Polar Vortex      |       |       |       |       |       |       |       |    40 |    43 ||    83
       Orb of Destructio |       |       |       |       |       |       |       |       |    26 ||    26
Invok: Curse Item        |       |       |       |     3 |     5 |     1 |     3 |     1 |     2 ||    15
       Shatter the Chain |       |       |       |       |     1 |     2 |     4 |     1 |       ||     8
 Abil: End Transformatio |       |       |       |       |       |       |     2 |       |     5 ||     7
Evoke: Wand              |       |     3 |     1 |       |     2 |    17 |     2 |       |       ||    25
       Box of beasts     |       |       |       |       |     1 |     2 |       |       |       ||     3
  Use: Scroll            |       |       |     5 |     2 |     1 |     6 |     6 |     2 |     3 ||    25
       Potion            |       |       |       |       |     2 |     1 |       |     4 |    10 ||    17
 Stab: Sleeping          |     7 |     2 |     5 |    30 |    71 |    77 |    56 |    22 |     1 ||   271
       Confused          |       |     4 |     7 |    13 |    39 |    13 |    14 |    22 |       ||   112
       Distracted        |       |       |     1 |     3 |     5 |    15 |     1 |     3 |       ||    28
       Petrified         |       |       |       |       |     1 |       |       |       |       ||     1
       Invisible         |       |       |       |       |     1 |     4 |       |       |       ||     5
       Paralysed         |       |       |       |       |       |     1 |       |       |       ||     1
Armor: Robe              |     8 |    41 |    82 |    26 |       |       |       |     6 |     1 ||   164
       Leather armour    |       |       |       |   265 |   254 |   417 |    50 |       |       ||   986
       Skin              |       |       |       |       |       |       |    39 |   165 |   100 ||   304
       Ring mail         |       |       |       |       |       |       |     8 |    42 |       ||    50
Dodge: Dodged            |    53 |    78 |   165 |   294 |   461 |   625 |   158 |   185 |    56 ||  2075
Block: Buckler           |       |       |    19 |    89 |   243 |   330 |    79 |       |       ||   760
       Kite shield       |       |       |       |       |       |       |    53 |   314 |   148 ||   515
